AoeStats
← p1ckleJuic3d

Scandinavia

513552459Analyzed
1v1 RM · 3d ago on Oct 14, 2026· 24m 2s· 2 players
Game mode
Random Map
Map size
Tiny (2 player)
Population
200
Speed
Normal
Resources
Standard
Victory
Conquest
Starting age
Dark Age
Ending age
Imperial Age
RankedLock teamsTeams togetherTeam positionsShared explorationLock speedFull tech treeHidden civsTurbo modeCheats
Victory
Defeat
🇺🇸 Japanese · United States
1029
+15
vs
🇦🇺 Hindustanis · Australia
1000
-45
p1ckleJuic3d
11:12 Feudal Age
12:30 Wheelbarrow
11:43 Loom
12:48 Man-at-Arms
hermanoBluth
8:24 Loom
10:53 Feudal Age
11:57 Man-at-Arms
13:13 Double-Bit Axe
14:46 Horse Collar
17:35 Arson
19:21 Fletching
22:26 Castle Age
21:06 Padded Archer Armor
21:09 Gold Mining
22:31 Crossbowman
23:13 Bodkin Arrow
24:19 Thumb Ring
Connection lost

Rejoining the realm…

Still unreachable

The connection could not be restored.

Session expired

The server has moved on; the page needs a fresh start.